 Dungeon Crawl Stone Soup version 0.29-a0-1043-g569b05d6ff (webtiles) character file.

Game seed: 8219241288909545426

86 siradein the Shooter (level 4, -11/38 HPs)
             Began as a Minotaur Hunter on Aug 15, 2022.
             Killed by nerve-wracking pain
             ... invoked by a shadow imp
             ... summoned by Natasha
              (13 damage)
             ... on level 2 of the Dungeon.
             The game lasted 00:02:32 (1134 turns).

siradein the Shooter (Minotaur Hunter)              Turns: 1134, Time: 00:02:33

Health: -11/38     AC:  6    Str: 15    XL:     4   Next: 27%
Magic:  3/3        EV: 11    Int:  6    God:
Gold:   82         SH:  0    Dex: 16    Spells: 3/3 levels left

rFire   . . .      SeeInvis .   a - +0 shortbow
rCold   . . .      Faith    .   (shield currently unavailable)
rNeg    . . .      Spirit   .   l - +0 ring mail
rPois   .          Reflect  .   (helmet restricted)
rElec   .          Harm     .   (no cloak)
rCorr   .          Rampage  .   (no gloves)
Will    .....                   f - +0 pair of boots
Stlth   +.........              (no amulet)
HPRegen 0.12/turn               (no ring)
MPRegen 0.08/turn               (no ring)

@: no status effects
A: horns 2, retaliatory headbutt
a: no special abilities


You were on level 2 of the Dungeon.
You visited 1 branch of the dungeon, and saw 2 of its levels.

You collected 82 gold pieces.

Inventory:

Hand Weapons
 a - a +0 shortbow (weapon)
 h - a +0 dagger of venom
Armour
 f - a +0 pair of boots (worn)
 l - a +0 ring mail (worn)
Scrolls
 b - a scroll of immolation
 c - 3 scrolls of brand weapon {unknown}
 d - a scroll of butterflies {unknown}
 k - a scroll of fear {unknown}
 m - a scroll of amnesia {unknown}
Potions
 e - 2 potions of magic {unknown}
 g - a potion of ambrosia {unknown}
 i - a potion of might {unknown}
 j - a potion of curing


   Skills:
 + Level 3.3 Fighting
 + Level 4.8 Ranged Weapons
 + Level 1.4 Armour
 + Level 3.0 Dodging
 + Level 1.8 Stealth


You had 3 spell levels left.
You didn't know any spells.
Your spell library contained the following spells:

 Spells                   Type           Power      Damage    Failure   Level
 Blink                    Tloc           0%         N/A       82%         2
 Gell's Gravitas          Tloc           0%         N/A       96%         3
 Lesser Beckoning         Tloc           0%         N/A       96%         3
 Teleport Other           Tloc           0%         N/A       96%         3
 Manifold Assault         Tloc           0%         N/A       100%        5
 Dispersal                Tloc           0%         N/A       100%        6


Dungeon Overview and Level Annotations

Branches:
Dungeon (2/15)

Altars:

Shops:
D:1 :

Annotations:
D:2 Natasha


Innate Abilities, Weirdness & Mutations

You have a pair of horns on your head.
You reflexively headbutt those who attack you in melee.


Message History

Natasha casts a spell.
Natasha attacks as you move away! Natasha barely misses you.
Terence attacks as you move away! Terence barely misses you.
Terence attacks as you move away! Terence hits you with a +0 short sword.
* * * LOW HITPOINT WARNING * * *
Fire: a) +0 shortbow
Press: ? - help, Q - select action Shift-Dir - straight line, f/p - Terence
Aim: Terence, wielding a +0 short sword and wearing a +0 chain mail (heavily wounded, 69% to hit)
You shoot an arrow. The arrow hits Terence.
Terence is severely wounded.
Terence hits you with a +0 short sword.
* * * LOW HITPOINT WARNING * * *
Fire: a) +0 shortbow
Press: ? - help, Q - select action Shift-Dir - straight line, f/p - Terence
Aim: Terence, wielding a +0 short sword and wearing a +0 chain mail (severely wounded, 69% to hit)
You shoot an arrow.
The arrow hits Terence but does no damage.
Terence is severely wounded.
Natasha mumbles some strange words.
Terence misses you.
Fire: a) +0 shortbow
Press: ? - help, Q - select action Shift-Dir - straight line, f/p - Terence
Aim: Terence, wielding a +0 short sword and wearing a +0 chain mail (severely wounded, 69% to hit)
You shoot an arrow. The arrow hits Terence.
You kill Terence!
The crimson imp puffs mist at you. The shadow imp hits you.
* * * LOW HITPOINT WARNING * * *
Your Dodging skill increases to level 3!
You have reached level 4!
You feel agile.
Fire: a) +0 shortbow
Press: ? - help, Q - select action Shift-Dir - straight line, f - Natasha
Aim: Natasha (heavily wounded, 56% to hit)
You shoot an arrow. The arrow barely misses the shadow imp.
The arrow closely misses Natasha.
The arrow barely misses the crimson imp.
The shadow imp gestures at you. Pain shoots through your body!
You die...

..... .......
>. #.#.#
.....#. ##
#.#.# .....#.
#.$.# ###. #.
###.# .# ..
#. #5# ##. #
#h# .. . #5#
.#.# #@##.#.#
#......#
#......#..
##)........
#..........
####..####..#
#....## .#
#.#..# #
#..#.#####..


You could see Natasha, a crimson imp (summoned) and a shadow imp (summoned).

Vanquished Creatures
  Natasha (D:2)
  Terence (D:2)
  2 adders (D:2)
  A dart slug (D:1)
  An endoplasm (D:2)
  3 goblins
  3 hobgoblins
  2 kobolds (D:1)
  A quokka (D:2)
  A ball python (D:1)
  3 frilled lizards (D:1)
  A rat (D:2)
20 creatures vanquished.

Notes
Turn   | Place    | Note
-------+----------+-------------------------------------------
     0 | D:1      | siradein the Minotaur Hunter began the quest for the Orb.
     0 | D:1      | Reached XP level 1. HP: 18/18 MP: 0/0
    29 | D:1      | Found a faded altar of an unknown god.
    89 | D:1      | Reached skill level 1 in Stealth
   320 | D:1      | Reached XP level 2. HP: 25/25 MP: 1/1
   351 | D:1      | Found Ehuzaifi's Book Emporium.
   839 | D:2      | Reached XP level 3. HP: 30/31 MP: 2/2
   942 | D:2      | Noticed Natasha
   955 | D:2      | Killed Natasha
   956 | D:2      | Reached skill level 1 in Armour
  1114 | D:2      | Noticed Terence
  1117 | D:2      | Noticed Natasha
  1133 | D:2      | Killed Terence
  1133 | D:2      | HP: 1/31 [shadow imp[Natasha] (2)]
  1134 | D:2      | Reached XP level 4. HP: 2/38 MP: 3/3
  1134 | D:2      | Killed from afar by a shadow imp

Illustrated notes

Levels and vault maps discovered:
D:1:      lemuel_arrival_behind_the_door_small, layout_loops_ring, serial_shops,
          shop_fountains, dreamdust_ecumenical_altar_statues
D:2:      layout_loops_ring, uniq_natasha, uniq_terence

Skill      XL: |  1  2  3 |
---------------+----------+-----
Stealth        | 1 |  1.8
Fighting       | 3 |  3.3
Armour         | 1 |  1.4
Dodging        | 3 |  3.0
Ranged Weapons | |  4.8

Action                   |  1- 3 |  4- 6 || total
-------------------------+-------+-------++-------
 Fire: Shortbow          |    72 |     1 ||    73
Armor: Ring mail         |     9 |       ||     9
       Leather armour    |     1 |       ||     1
Dodge: Dodged            |    34 |       ||    34

Table legend: (Time is in decaauts)
 A = Elapsed time spent in this place.
 B = Non-inter-level travel time spent in this place.
 C = Inter-level travel time spent in this place.
 D = Time resting spent in this place.
 E = Time spent auto-exploring this place.
 F = Levels seen in this place.
 G = Mean time per level.
                   A        B        C        D        E       F      G
               +--------+--------+--------+--------+--------+-----+--------+
         Total |   1173 |   1133 |     40 |      0 |    949 |   2 |  586.5 |
       Dungeon |   1173 |   1133 |     40 |      0 |    949 |   2 |  586.5 |
               +--------+--------+--------+--------+--------+-----+--------+

Top non-repeatable levels by time:
     D:1: 635 daAuts
     D:2: 537 daAuts
